 Dungeon Crawl Stone Soup version 0.26-a0-651-gb41185065b (webtiles) character file.

Game seed: 12209987969029979877

43789 Irenicus the Severer (level 13, -10/118 HPs)
             Began as a Deep Dwarf Gladiator on Oct 3, 2020.
             Was the Champion of Makhleb.
             Mangled by a +3 vorpal glaive (27 damage)
             ... on level 1 of the Elven Halls.
             The game lasted 01:03:17 (7631 turns).

Irenicus the Severer (Deep Dwarf Gladiator)         Turns: 7631, Time: 01:03:18

Health: -10/118    AC: 13    Str: 19    XL:     13   Next: 92%
Magic:  11/12      EV: 23    Int:  9    God:    Makhleb [******]
Gold:   377        SH:  0    Dex: 24    Spells: 9/12 levels left

rFire    . . .     SeeInvis .   t - +7 war axe (elec)
rCold    + . .     Faith    .   (no shield)
rNeg     + + .     Spirit   .   M - +0 swamp dragon scales
rPois    +         Reflect  .   c - +0 helmet
rElec    +         Harm     .   V - scarf {rC+ rF+}
rCorr    +         Rampage  .   u - +0 pair of gloves of the Orb {rElec rF- rN++ MR+}
MR       ++...                  (no boots)
Stlth    +.........             (no amulet)
HPRegen  0.00/turn              E - ring of resist corrosion
MPRegen  0.13/turn              S - +6 ring of dexterity

@: non-regenerating
A: damage resistance, heal wounds, sense surroundings 2, no regeneration
a: Heal Wounds, Minor Destruction, Lesser Servant of Makhleb, Major Destruction,
Greater Servant of Makhleb, Renounce Religion


You were on level 1 of the Elven Halls.
You worshipped Makhleb.
Makhleb was exalted by your worship.
You visited 4 branches of the dungeon, and saw 17 of its levels.

You collected 1729 gold pieces.
You spent 1352 gold pieces at shops.

Inventory:

Hand Weapons
 a - a +0 war axe
 d - a +0 hand axe of venom
   (You took it off an orc on level 4 of the Dungeon)
 n - a +0 vampiric hand axe
   (You took it off an orc on level 4 of the Dungeon)
 t - a +7 war axe of electrocution (weapon)
   (You took it off an orc priest on level 4 of the Dungeon)
 L - a +1 hunting sling of freezing
   (You found it on level 8 of the Dungeon)
 Q - a +1 battleaxe
   (You took it off a death knight on level 11 of the Dungeon)
 U - the +7 hand crossbow of the Peculiar Towns {penet, rPois Dex+3}
   (You found it on level 1 of the Orcish Mines)

   Ammo fired by it will pass through the targets it hits, potentially hitting
   all targets in its path until it reaches maximum range.
   It affects your dexterity (+3).
   It protects you from poison.
 W - a +0 broad axe
   (You bought it in a shop on level 2 of the Orcish Mines)
Missiles
 v - 10 boomerangs of dispersal {=f}
 G - 4 curare-tipped darts
 O - a throwing net {=f, !d}
Armour
 c - a +0 helmet (worn)
 u - the +0 pair of gloves of the Orb (worn) {rElec rF- rN++ MR+}
   (You bought it in a shop on level 4 of the Dungeon)

   It makes you vulnerable to fire.
   It insulates you from electricity.
   It greatly protects you from negative energy.
   It affects your resistance to hostile enchantments.
 x - a +2 pair of gloves
   (You found it on level 6 of the Dungeon)
 M - +0 swamp dragon scales (worn)
   (You took it off Maggie on level 8 of the Dungeon)
 P - +0 acid dragon scales
   (You found it on level 11 of the Dungeon)
 V - a scarf of resistance (worn)
   (You bought it in a shop on level 1 of the Orcish Mines)
Jewellery
 E - a ring of resist corrosion (left hand)
   (You found it on level 7 of the Dungeon)
 K - an uncursed ring of fire {rF+, rC-}
   (You found it on level 7 of the Dungeon)
 S - a +6 ring of dexterity (right hand)
   (You found it on level 11 of the Dungeon)
Wands
 B - a wand of paralysis (3)
   (You found it on level 1 of the Orcish Mines)
 C - a wand of digging (5)
   (You found it on level 7 of the Dungeon)
 F - a wand of iceblast (16)
   (You found it on level 7 of the Dungeon)
 N - a wand of enslavement (3)
   (You found it on level 10 of the Dungeon)
Scrolls
 b - 3 scrolls of amnesia
 e - 7 scrolls of identify
 g - 7 scrolls of remove curse
 i - a scroll of fear
 r - a scroll of random uselessness {unknown}
 s - a scroll of blinking {unknown}
 y - a scroll of noise {unknown}
 A - 2 scrolls of immolation {unknown}
 D - 9 scrolls of teleportation
 I - a scroll of magic mapping {unknown}
 J - 3 scrolls of enchant armour {unknown}
Potions
 f - a potion of lignification {!q}
 h - 2 potions of haste
 j - a potion of magic {unknown}
 k - 5 potions of mutation {!q}
 l - 4 potions of flight
 m - 6 potions of might
 q - a potion of stabbing
 w - 2 potions of curing
 z - 3 potions of brilliance
 H - 2 potions of ambrosia
 R - 2 potions of heal wounds
Miscellaneous
 T - a phantom mirror
   (You found it on level 13 of the Dungeon)


   Skills:
 + Level 8.5 Fighting
 - Level 16.1 Axes
 - Level 1.7 Throwing
 - Level 10.0 Armour
 - Level 13.1 Dodging
 - Level 4.0 Translocations
 - Level 2.0 Transmutations
 - Level 6.6 Earth Magic
 - Level 4.3 Evocations


You had 9 spell levels left.
You knew the following spells:

 Your Spells              Type           Power        Failure   Level
g - Apportation           Tloc           #.....       12%         1
w - Passwall              Tmut/Erth      #.......     16%         2

Your spell library contained the following spells:

 Spells                   Type           Power        Failure   Level
 Sandblast                Erth           ##....       4%          1
 Sting                    Tmut/Pois      #...         38%         1
 Stone Arrow              Conj/Erth      #.....       43%         3
 Animate Skeleton         Necr           #.....       54%         1
 Corona                   Hex            #......      54%         1
 Foxfire                  Conj/Fire      #...         54%         1
 Summon Small Mammal      Summ           #...         54%         1
 Poisonous Vapours        Pois/Air       #.....       67%         2
 Petrify                  Tmut/Erth      #.......     71%         4
 Lee's Rapid Deconstruct  Erth           ##........   75%         5
 Ignite Poison            Fire/Tmut/Pois #.......     82%         3
 Conjure Flame            Conj/Fire      #.......     88%         3
 Inner Flame              Hex/Fire       #.......     88%         3
 Mephitic Cloud           Conj/Pois/Air  #.......     88%         3
 Ice Form                 Ice/Tmut       #.......     99%         4
 Olgreb's Toxic Radiance  Pois           #.......     99%         4
 Sticky Flame             Conj/Fire      #.......     99%         4
 Fireball                 Conj/Fire      #.........   100%        5
 Metabolic Englaciation   Hex/Ice        #.........   100%        5
 Freezing Cloud           Conj/Ice/Air   #.........   100%        6
 Ozocubu's Refrigeration  Ice            #.........   100%        6
 Simulacrum               Ice/Necr       #.........   100%        6


Dungeon Overview and Level Annotations

Branches:
Dungeon (13/15)            Temple (1/1) D:4            Lair (0/6) D:10
    Orc (2/2) D:9             Elf (1/3) Orc:2
 Vaults: D:13-14

Altars:
Ashenzari
Dithmenos
Elyvilon
Gozag
Kikubaaqudgha
Makhleb
Nemelex Xobeh
Ru
Uskayaw
Vehumet
Wu Jian
Xom
Yredelemnul
Beogh

Shops:
D:4 *[   D:8 }(   Orc:1 [   Orc:2 !*?:*


Innate Abilities, Weirdness & Mutations

You are resistant to damage.
You can heal yourself by infusing magical energy.
You passively map the area around you.
You do not regenerate.


Message History

The +3 vorpal trident hits you.
You take 3 damage, and have 48/118 hp.
You hit the +3 vorpal trident.
The +3 vorpal trident is heavily damaged.
The +3 vorpal trident misses you.
You miss the +3 vorpal trident.
The +3 vorpal trident is heavily damaged.
The +3 vorpal trident completely misses you.
You barely miss the +3 vorpal trident.
The +3 vorpal trident is moderately damaged.
The +3 vorpal trident hits you but does no damage.
You slash the +3 vorpal trident!
The +3 vorpal trident is almost destroyed.
The +3 vorpal trident closely misses you.
You miss the +3 vorpal trident.
The +3 vorpal trident is almost destroyed.
The +3 vorpal trident misses you.
You miss the +3 vorpal trident.
The +3 vorpal trident is almost destroyed.
The +3 vorpal trident hits you.
You closely miss the +3 vorpal trident.
The +3 vorpal trident is almost destroyed.
The +3 vorpal trident completely misses you.
You slice the +3 vorpal trident!!
The +3 vorpal trident falls from the air.
Makhleb accepts your kill.
You see here a +3 vorpal trident.
Casting: Passwall (safe; 16% risk of failure)
Confirm with . or Enter, or press ? or * to list all spells.
Press: ? - help, Dir - move target cursor A rock wall.
You begin to meditate on the wall.
You continue meditating on the rock. x2
You finish merging with the rock.
You now have 10/12 mp.
Casting: Passwall (safe; 16% risk of failure)
Confirm with . or Enter, or press ? or * to list all spells.
Press: ? - help, Dir - move target cursor A rock wall.
You miscast Passwall.
You are very lightly contaminated with residual magic.
Nothing appears to happen.
You now have 8/12 mp.
Unknown command.
Casting: Passwall (safe; 16% risk of failure)
Confirm with . or Enter, or press ? or * to list all spells.
Please select a wall.
Press: ? - help, Dir - move target cursor A rock wall.
You begin to meditate on the wall.
You continue meditating on the rock. x2
You finish merging with the rock.
A water elemental comes into view.
You now have 7/12 mp.
The water elemental completely misses you.
You see here 16 gold pieces.
You barely miss the water elemental. The water elemental hits you.
Your magical contamination has completely faded away.
You slash the water elemental!
The water elemental is moderately damaged.
The water elemental barely misses you.
You hit the water elemental.
The water elemental is moderately damaged.
You slice the water elemental!!
The water elemental is almost destroyed.
The water elemental misses you.
You barely miss the water elemental.
The water elemental is almost destroyed.
The water elemental misses you.
You slash the water elemental!
You destroy the water elemental!
Makhleb accepts your kill.
You feel better.
You regained 11 hp, and now have 59/118 hp.
You now have 377 gold pieces (gained 16).
You open the door.
There is an open door here.
A +3 vorpal glaive comes into view.
The +3 vorpal glaive completely misses you.
The +3 vorpal glaive hits you!
You take 12 damage, and have 47/118 hp.
You miss the +3 vorpal glaive.
You hit the +3 vorpal glaive but do no damage.
The +3 vorpal glaive misses you.
You barely miss the +3 vorpal glaive.
The +3 vorpal glaive completely misses you.
You slash the +3 vorpal glaive!
The +3 vorpal glaive is moderately damaged.
You slash the +3 vorpal glaive!
The +3 vorpal glaive is severely damaged.
The +3 vorpal glaive misses you.
You hit the +3 vorpal glaive but do no damage.
The +3 vorpal glaive is severely damaged.
The +3 vorpal glaive hits you!!
* * * LOW HITPOINT WARNING * * *
x2 You take 30 damage, and have 17/118 hp.
MASSIVE DAMAGE!!
You closely miss the +3 vorpal glaive.
The +3 vorpal glaive is severely damaged.
You hit the +3 vorpal glaive but do no damage.
The +3 vorpal glaive is severely damaged.
The +3 vorpal glaive hits you!!
You die...

###################### *
*
.....................,.,
................... .. ,
########'#########+####
* **
.......................
, ###############...####
* * * #......... #...# ,
,, , #........., ,#.@.#
#......... #.(.# ,, , ,
#...##### * ,#...#. , *
* #>).# , #...#... , ,
#...#, ,, *,, #...+...#,
, #...##### #...#,..# *
#....)... ,#...#, ..., ,
'........ ,#...# ,... ,
#.........,, *, ,


You could see a +3 vorpal glaive.

Vanquished Creatures
  A stone giant (Orc:1)
  4 ogre magi (Orc:2)
  Erolcha (Orc:1)
  A death knight (D:11)
  10 two-headed ogres
  3 centaur warriors (D:13)
  Urug (Orc:1)
  2 dancing weapons (Elf:1)
  An unseen horror (D:11)
  Pikel (D:4)
  2 deep elf archers (Elf:1)
  2 cyclopes (D:13)
  4 manticores
  11 deep elf magi
  5 slime creatures
  An ugly thing (D:13)
  Psyche (D:11)
  Maggie (D:8)
  2 trolls
  Prince Ribbit (D:5)
  3 hippogriffs
  A hornet (shapeshifter) (D:13)
  2 basilisks (D:13)
  A water elemental (Elf:1)
  26 yaks
  3 wraiths
  2 wyverns (D:8)
  A fire elemental (Elf:1)
  Edmund (D:4)
  A soldier ant (D:12)
  4 wargs (Orc:1)
  An acid dragon (D:11)
  A water moccasin (D:8)
  12 orc warriors
  2 ice beasts
  A sky beast (D:13)
  3 black bears (D:11)
  3 necrophages
  34 ogres
  3 phantoms
  5 centaurs
  Blork the orc (D:6)
  9 bullfrogs
  2 big kobolds (D:10)
  2 wyvern skeletons
  An earth elemental (Elf:1)
  11 wights
  A howler monkey (D:6)
  4 centaur zombies
  4 bullfrog zombies
  A quasit (D:9)
  8 hounds
  3 jellies
  21 orc wizards
  A bullfrog skeleton (D:9)
  2 centaur skeletons
  12 orc priests
  Crazy Yiuf (D:3)
  Ijyb (D:5)
  3 iguanas
  10 worker ants
  3 hound skeletons
  2 howler monkey zombies
  4 gnolls (D:5)
  15 adders
  5 white imps
  4 ufetubi
  An adder skeleton (D:9)
  A dart slug (D:2)
  4 leopard geckos
  83 orcs
  3 ball pythons
  9 bats
  4 giant cockroaches
  10 goblins
  6 hobgoblins
  10 jackals
  4 quokkas
  4 frilled lizards
  19 kobolds
  A leopard gecko skeleton (D:6)
  2 leopard gecko zombies (D:6)
  A quokka skeleton (D:5)
  A quokka zombie (D:6)
  6 rats
465 creatures vanquished.

Vanquished Creatures (others)
  A deep elf mage (Elf:1)
1 creature vanquished.

Grand Total: 466 creatures vanquished

Notes
Turn   | Place    | Note
-------+----------+-------------------------------------------
     0 | D:1      | Irenicus the Deep Dwarf Gladiator began the quest for the
                  | Orb.
     0 | D:1      | Reached XP level 1. HP: 19/19 MP: 1/1
   155 | D:1      | Reached skill level 4 in Axes
   155 | D:1      | Reached XP level 2. HP: 24/26 MP: 2/2
   320 | D:2      | Reached XP level 3. HP: 20/32 MP: 3/3
   514 | D:2      | Reached skill level 5 in Axes
   526 | D:2      | Reached XP level 4. HP: 13/39 MP: 4/4
   809 | D:3      | Reached skill level 6 in Axes
   936 | D:3      | aMcNicky: 1 sec just checking something in chat sorry
   943 | D:3      | aMcNicky: !greatplayer
   943 | D:3      | beem: Unwon species for aMcNicky: Felid, Octopode, Vine
                  | Stalker
   943 | D:3      | Irenicus: wow nice
   943 | D:3      | aMcNicky: thanks! the anon spect asked me
   943 | D:3      | aMcNicky: how I was getting on
   943 | D:3      | Irenicus: I only won some 15 runes game with deep dwarf
                  | fight/mage
   943 | D:3      | aMcNicky: only doing 15 rune wins though big respect
   943 | D:3      | Irenicus: and some 3 rune with demi god
   957 | D:3      | Irenicus: thx, well I play mostly to enjoy endgame content
   957 | D:3      | Reached XP level 5. HP: 36/45 MP: 5/5
   976 | D:3      | Irenicus: I like the feeling of anihilating hordes of
                  | ennemies :D
   989 | D:3      | Found a burning altar of Makhleb.
   994 | D:3      | Became a worshipper of Makhleb the Destroyer
  1018 | D:3      | Found a runed translucent door.
  1019 | D:3      | Noticed Crazy Yiuf
  1033 | D:3      | Killed Crazy Yiuf
  1142 | D:3      | Reached skill level 7 in Axes
  1213 | D:4      | Found Dorph's Antique Armour Shop.
  1228 | D:4      | Found a staircase to the Ecumenical Temple.
  1238 | Temple   | Entered the Ecumenical Temple
  1249 | D:4      | Noticed a lemure
  1249 | D:4      | Noticed Pikel
  1250 | D:4      | Noticed Edmund
  1250 | D:4      | Noticed a lemure
  1251 | D:4      | Noticed a lemure
  1256 | D:4      | Noticed a lemure
  1275 | D:4      | Killed Pikel
  1275 | D:4      | Reached skill level 9 in Axes
  1275 | D:4      | Reached XP level 6. HP: 29/52 MP: 6/6
  1275 | D:4      | Reached XP level 7. HP: 33/58 MP: 7/7
  1282 | D:4      | Killed Edmund
  1282 | D:4      | Reached skill level 10 in Axes
  1290 | D:4      | HP: 14/58 [orc/+0 whip (2)]
  1319 | D:4      | HP: 12/58 [orc wizard/magic dart (6)]
  1322 | D:4      | Reached * piety under Makhleb
  1327 | D:4      | HP: 11/58 [worker ant (1)]
  1342 | D:4      | Found Dygeub's Assorted Antiques.
  1413 | D:4      | Reached XP level 8. HP: 17/66 MP: 8/8
  1418 | D:4      | HP: 13/66 [orc wizard/+0 dagger (4)]
  1586 | D:4      | HP: 5/66 [orc/+0 hand axe (6)]
  1630 | D:5      | Entered Level 5 of the Dungeon
  1700 | D:5      | Found a shimmering altar of Xom.
  1700 | D:5      | Found a sacrificial altar of Ru.
  1724 | D:5      | Noticed Ijyb
  1736 | D:5      | Killed Ijyb
  1750 | D:5      | HP: 15/66 [gnoll/+0 halberd (8)]
  1759 | D:5      | HP: 14/66 [gnoll/+0 spear (6)]
  1774 | D:5      | Found a radiant altar of Vehumet.
  1807 | D:5      | Reached skill level 11 in Axes
  1849 | D:5      | Found a broken altar of Ashenzari.
  1911 | D:5      | Noticed Prince Ribbit
  1935 | D:4      | Reached ** piety under Makhleb
  2019 | D:4      | Bought a pair of bloodstained gloves for 237 gold pieces
  2024 | D:4      | Identified the +0 pair of gloves of the Orb {rElec rF- rN++
                  | MR+} (You bought it in a shop on level 4 of the Dungeon)
  2118 | D:4      | HP: 13/66 [ogre/+0 giant club (14)]
  2131 | D:4      | Reached skill level 12 in Axes
  2133 | D:4      | HP: 11/66 [orc wizard/puff of flame (12)]
  2181 | D:4      | HP: 13/66 [adder (2)]
  2216 | D:4      | HP: 16/66 [iguana (1)]
  2227 | D:4      | Found a shadowy altar of Dithmenos.
  2276 | D:5      | Killed Prince Ribbit
  2283 | D:5      | Found a white marble altar of Elyvilon.
  2335 | D:6      | Gained mutation: You passively map the area around you.
                  | [Deep Dwarf growth]
  2335 | D:6      | Reached XP level 9. HP: 48/73 MP: 8/8
  2404 | D:6      | Reached skill level 13 in Axes
  2450 | D:6      | Found an ornate altar of the Wu Jian Council.
  2686 | D:6      | Noticed Blork the orc
  2697 | D:6      | Killed Blork the orc
  2764 | D:6      | Reached skill level 14 in Axes
  3053 | D:7      | Found a hide-covered altar of Uskayaw.
  3055 | D:7      | Found a basalt altar of Yredelemnul.
  3178 | D:7      | Reached *** piety under Makhleb
  3390 | D:8      | Found Kaipn's Gadget Shoppe.
  3395 | D:8      | Found Ocust's Antique Weapon Boutique.
  3462 | D:8      | Reached skill level 15 in Axes
  3486 | D:8      | Found a sparkling altar of Nemelex Xobeh.
  3487 | D:8      | Found an opulent altar of Gozag.
  3526 | D:8      | Noticed Maggie
  3542 | D:8      | Killed Maggie
  3542 | D:8      | Reached XP level 10. HP: 58/80 MP: 9/9
  3731 | D:9      | Found an ancient bone altar of Kikubaaqudgha.
  3797 | D:9      | Found a staircase to the Orcish Mines.
  4047 | D:9      | Reached skill level 16 in Axes
  4085 | D:10     | Entered Level 10 of the Dungeon
  4155 | D:10     | Reached **** piety under Makhleb
  4178 | D:10     | Reached skill level 2 in Fighting
  4179 | D:10     | Reached skill level 3 in Fighting
  4287 | D:10     | Reached skill level 4 in Fighting
  4338 | D:10     | Reached skill level 5 in Fighting
  4398 | D:10     | Reached skill level 1 in Armour
  4452 | D:10     | Found a staircase to the Lair.
  4587 | D:11     | Reached skill level 2 in Armour
  4629 | D:11     | Noticed a two-headed ogre
  4637 | D:11     | Killed a two-headed ogre
  4637 | D:11     | Reached skill level 6 in Fighting
  4637 | D:11     | Reached skill level 3 in Armour
  4637 | D:11     | Reached XP level 11. HP: 80/97 MP: 10/10
  4643 | D:11     | Reached skill level 4 in Armour
  4708 | D:11     | Found a white marble altar of Elyvilon.
  4738 | D:11     | Reached skill level 7 in Fighting
  4738 | D:11     | Reached skill level 5 in Armour
  4787 | D:11     | Noticed a death knight
  4802 | D:11     | Killed a death knight
  4802 | D:11     | Reached skill level 4 in Dodging
  4839 | D:11     | Killed an unseen horror
  4839 | D:11     | Reached skill level 6 in Armour
  4907 | D:11     | Reached skill level 5 in Dodging
  4908 | D:11     | Reached ***** piety under Makhleb
  4966 | D:11     | Noticed Psyche
  4969 | D:11     | Paralysed by Psyche for 7 turns
  4981 | D:11     | Killed Psyche
  4981 | D:11     | Reached skill level 6 in Dodging
  5056 | D:11     | Reached skill level 7 in Dodging
  5193 | D:12     | Reached skill level 8 in Dodging
  5467 | D:12     | Learned a level 2 spell: Passwall
  5539 | D:12     | Reached skill level 9 in Dodging
  5607 | D:12     | Reached skill level 1 in Earth Magic
  5607 | D:12     | Reached XP level 12. HP: 107/109 MP: 11/11
  5617 | D:12     | Reached skill level 2 in Earth Magic
  5675 | D:13     | Reached skill level 3 in Earth Magic
  5798 | D:13     | Reached skill level 1 in Transmutations
  5798 | D:13     | Reached skill level 4 in Earth Magic
  5842 | D:13     | Noticed a centaur warrior
  5854 | D:13     | Killed a centaur warrior
  5854 | D:13     | Reached skill level 2 in Transmutations
  5936 | D:13     | Reached skill level 5 in Earth Magic
  5939 | D:13     | Reached skill level 10 in Dodging
  6141 | D:13     | Noticed a centaur warrior
  6150 | D:13     | HP: 13/109 [centaur warrior/arrow (25)]
  6151 | D:13     | Reached skill level 6 in Earth Magic
  6157 | D:13     | HP: 15/109 [orc warrior/+0 dire flail (15)]
  6161 | D:13     | Killed a centaur warrior
  6180 | D:13     | HP: 26/109 [wraith (7)]
  6188 | D:13     | HP: 20/109 [centaur warrior zombie (2)]
  6204 | D:13     | HP: 26/109 [basilisk (4)]
  6236 | D:13     | Reached skill level 11 in Dodging
  6246 | D:13     | Noticed a centaur warrior
  6257 | D:13     | Killed a centaur warrior
  6462 | Orc:1    | Entered Level 1 of the Orcish Mines
  6490 | Orc:1    | Noticed a stone giant
  6505 | Orc:1    | Killed a stone giant
  6505 | Orc:1    | Reached skill level 7 in Armour
  6651 | Orc:1    | Reached ****** piety under Makhleb
  6652 | Orc:1    | Reached skill level 1 in Evocations
  6661 | Orc:1    | Got a crystal hand crossbow
  6662 | Orc:1    | Identified the +7 hand crossbow of the Peculiar Towns
                  | {penet, rPois Dex+3} (You found it on level 1 of the Orcish
                  | Mines)
  6680 | Orc:1    | Noticed Urug
  6697 | Orc:1    | Killed Urug
  6697 | Orc:1    | Reached skill level 2 in Evocations
  6719 | Orc:1    | Noticed Erolcha
  6729 | Orc:1    | Killed Erolcha
  6729 | Orc:1    | Reached skill level 3 in Evocations
  6799 | Orc:1    | Found Coreob's Armour Shop.
  6820 | Orc:1    | Bought a scarf of resistance for 448 gold pieces
  6909 | Orc:2    | Entered Level 2 of the Orcish Mines
  6957 | Orc:2    | Found a roughly hewn altar of Beogh.
  6984 | Orc:2    | Reached XP level 13. HP: 111/115 MP: 12/12
  7063 | Orc:2    | Found Mudon's Distillery.
  7154 | Orc:2    | Found a staircase to the Elven Halls.
  7187 | Orc:2    | Reached skill level 8 in Armour
  7187 | Orc:2    | Reached skill level 4 in Evocations
  7196 | Orc:2    | Reached skill level 12 in Dodging
  7208 | Orc:2    | Reached skill level 9 in Armour
  7220 | Orc:2    | Reached skill level 13 in Dodging
  7225 | Orc:2    | Reached skill level 10 in Armour
  7233 | Orc:2    | Found Paoluire's Assorted Antiques.
  7233 | Orc:2    | Found Qagot Amilu's Book Shoppe.
  7234 | Orc:2    | Found Kipueci's Magic Scroll Shoppe.
  7234 | Orc:2    | Found Xyida Egea's General Store.
  7245 | Orc:2    | Bought a potion of might for 92 gold pieces
  7245 | Orc:2    | Bought a potion of might for 92 gold pieces
  7245 | Orc:2    | Bought a scroll labeled HARAMN LUSM for 23 gold pieces
  7246 | Orc:2    | Bought a book of Cantrips for 340 gold pieces
  7248 | Orc:2    | Learned a level 1 spell: Apportation
  7249 | Orc:2    | Bought a scroll of teleportation for 36 gold pieces
  7249 | Orc:2    | Bought a +0 broad axe for 48 gold pieces
  7249 | Orc:2    | Bought a scroll of teleportation for 36 gold pieces
  7305 | Elf:1    | Entered Level 1 of the Elven Halls
  7323 | Elf:1    | Reached skill level 1 in Translocations
  7324 | Elf:1    | Reached skill level 2 in Translocations
  7338 | Elf:1    | Reached skill level 3 in Translocations
  7425 | Elf:1    | Reached skill level 4 in Translocations
  7541 | Elf:1    | Reached skill level 8 in Fighting
  7629 | Elf:1    | HP: 23/118 [+3 vorpal glaive (24)]
  7631 | Elf:1    | Mangled by a +3 vorpal glaive

Illustrated notes

Levels and vault maps discovered:
D:1:      dpeg_arrival_brainrot, layout_basic
D:2:      minmay_angry_zag, layout_basic
D:3:      layout_rooms, overflow_temple_1_default, uniq_crazy_yiuf_cottage
D:4:      minmay_chambers_of_twos, layout_basic, overflow_temple_1_default,
          minmay_temple_entry_enclosed_plants, serial_shops,
          nicolae_shop_behind_doors, nicolae_shop_overgrown_old_shop,
          uniq_edmund, uniq_pikel
D:5:      layout_rooms, lemuel_doored_altar, kennysheep_little_box,
          kennysheep_mini, amethyst_overflow_temple_binary, uniq_prince_ribbit1,
          uniq_ijyb
D:6:      wad_guarded_room, layout_layer_cave, overflow_temple_1_default,
          uniq_blork_the_orc
D:7:      layout_loops_ring, nicolae_overflow_hidden_temple
D:8:      layout_rooms, grunt_temple_overflow_opulence, serial_shops,
          nicolae_shop_temple_entry_statues_fountains, nicolae_shop_stone,
          uniq_maggie
D:9:      layout_roguey, kiku_gazebo_pond_becter, orc_0_dummy
D:10:     layout_gridville, lair_entry_dummy
D:11:     layout_grid_maze, corner_web_ring, elyvilon_altar_5, uniq_psyche
D:12:     layout_loops_ring, hangedman_abyss_or_decor_lesser_grid, drop_trap,
          st_stairs_12
D:13:     layout_grid_maze
Temple:   jpeg_temple_island
Orc:1:    layout_diamond_mine, serial_shops, nicolae_shop_stone,
          nicolae_orc_pool_cavern, nooodl_orcs_dogs, uniq_erolcha, uniq_urug
Orc:2:    st_orc_ogre_mass, layout_diamond_mine, basic_altar, serial_shops, shop
Elf:1:    eino_elf_arrival_customs, layout_onion_city, serial_shops, shop,
          hangedman_elf_represent

Skill      XL: |  1  2  3  4  5  6  7  8  9 10 11 12 13 |
---------------+----------------------------------------+-----
Axes           | 4 5 6 9 10 12 15 16 | 16.1
Fighting       | 6 7 8 |  8.5
Armour         | 3 6 7 10 | 10.0
Dodging        | 9 11 13 | 13.1
Earth Magic    | 1 6 |  6.6
Transmutations | 2 |  2.0
Evocations     | 3 4 |  4.3
Translocations | 4 |  4.0
Throwing       | |  1.7

Action                   |  1- 3 |  4- 6 |  7- 9 | 10-12 | 13-15 || total
-------------------------+-------+-------+-------+-------+-------++-------
Melee: War axe           |    85 |   136 |   292 |   612 |   180 ||  1305
       Hand axe          |       |       |    17 |       |       ||    17
Throw: Throwing net      |     6 |     1 |     1 |       |       ||     8
       Boomerang         |       |       |     2 |       |       ||     2
       Dart              |       |       |     3 |     1 |       ||     4
       Javelin           |       |       |     2 |     1 |       ||     3
 Cast: Passwall          |       |       |       |    26 |     9 ||    35
 Abil: Heal Wounds       |       |       |     1 |       |       ||     1
Evoke: Wand              |       |       |     1 |     1 |       ||     2
  Use: Potion            |       |     2 |     2 |     1 |       ||     5
       Scroll            |       |     6 |     5 |     1 |     8 ||    20
 Stab: Held in net/web   |       |     2 |     2 |       |       ||     4
       Distracted        |       |       |       |     1 |       ||     1
       Sleeping          |       |       |       |     2 |     1 ||     3
Armor: Leather armour    |     5 |       |       |       |       ||     5
       Ring mail         |    39 |    53 |    76 |       |       ||   168
       Swamp dragon scal |       |       |       |   175 |    17 ||   192
Dodge: Dodged            |    88 |    87 |   132 |   365 |   160 ||   832

Table legend: (Time is in decaauts)
 A = Elapsed time spent in this place.
 B = Non-inter-level travel time spent in this place.
 C = Inter-level travel time spent in this place.
 D = Time resting spent in this place.
 E = Time spent auto-exploring this place.
 F = Levels seen in this place.
 G = Mean time per level.
                   A        B        C        D        E       F      G
               +--------+--------+--------+--------+--------+-----+--------+
         Total |   7409 |   7196 |    213 |      0 |      0 |  17 |  435.8 |
       Dungeon |   6322 |   6109 |    213 |      0 |      0 |  13 |  486.3 |
        Temple |      1 |      1 |      0 |      0 |      0 |   1 |    1.0 |
  Orcish Mines |    787 |    787 |      0 |      0 |      0 |   2 |  393.5 |
   Elven Halls |    299 |    299 |      0 |      0 |      0 |   1 |  299.0 |
               +--------+--------+--------+--------+--------+-----+--------+

Top non-repeatable levels by time:
     D:4: 749 daAuts
    D:13: 646 daAuts
    D:11: 629 daAuts
     D:6: 587 daAuts
    D:12: 473 daAuts
     D:9: 452 daAuts
     D:3: 443 daAuts
     D:2: 441 daAuts
    D:10: 440 daAuts
   Orc:1: 421 daAuts
     D:7: 414 daAuts
     D:1: 369 daAuts
   Orc:2: 365 daAuts
     D:5: 347 daAuts
     D:8: 328 daAuts

Table legend:
 A = Kills in this place as a percentage of kills in entire the game.
 B = Kills by you in this place as a percentage of kills by you in the entire game.
 C = Kills by friends in this place as a percentage of kills by friends in the entire game.
 D = Other kills in this place as a percentage of other kills in the entire game.
 E = Experience gained in this place as a percentage of experience gained in the entire game.
 F = Experience gained in this place divided by the number of levels of this place that you have seen.
                   A       B       C       D       E      F
               +-------+-------+-------+-------+-------+----------------------
         Total | 100.0 | 100.0 |   N/A | 100.0 | 100.0 | 3679.8
       Dungeon |  77.9 |  78.1 |   N/A |   0.0 |  51.8 | 2491.2
  Orcish Mines |  18.2 |  18.3 |   N/A |   0.0 |  32.8 | 10250.5
   Elven Halls |   3.9 |   3.7 |   N/A | 100.0 |  15.5 | 9671.0
               +-------+-------+-------+-------+-------+----------------------
